 Dungeon Crawl Stone Soup version 0.32-a0-712-g515539a (webtiles) character file.

Game seed: 17525413525884807520

1681 TheGoonsmith the Ruffian (level 8, 0/67 (68) HPs)
             Began as a Yellow Draconian Shapeshifter on Mar 15, 2024.
             Was a Believer of Ru.
             Slain by Duvessa
             ... wielding a +0 short sword
              (13 damage)
             ... on level 6 of the Dungeon.
             The game lasted 00:12:13 (5269 turns).

TheGoonsmith the Ruffian (DrSh)                     Turns: 5269, Time: 00:12:14

HP:   0/67 (68)     AC:  6    Str: 19    XL:     8   Next: 71%
MP:   8/8           EV: 12    Int: 11    God:    Ru [**....]
Gold: 319           SH:  0    Dex: 10    Spells: 7/7 levels left

rFire   . .          .
                       - Unarmed
rCold   . . .        (no shield)
rNeg    + . .        (body armour unavailable)
rPois   .            (helmet currently unavailable)
rElec   .            (cloak currently unavailable)
rCorr   +            (gloves currently unavailable)
SInv    .            (boots currently unavailable)
Will    +....        (no amulet)
Stlth   +            g - ring of positive energy
HPRegen 0.31/turn    (no ring)
MPRegen 0.11/turn

%: no passive effects
@: beast-form, lightly drained
A: beast (slay +4), caustic breath, AC +6, unfitting armour, cold-blooded, hated
by all, acid resistance, talons 1, high MP 1, strong-willed 1
a: Caustic Breath, Begin Untransformation, Renounce Religion


You were on level 6 of the Dungeon.
You worshipped Ru.
Ru was pleased with you.
You were a hulking beast.
You visited 1 branch of the dungeon, and saw 6 of its levels.
You also visited: Sewer.

You collected 319 gold pieces.

Inventory:

Armour
 a - a +0 cloak
Magical Staves
 h - a staff of cold
Jewellery
 e - a ring of protection from fire
 g - a ring of positive energy (left hand)
 p - a ring of fire
Talismans
 b - a beast talisman (active)
 c - a flux talisman
 t - a serpent talisman
Wands
 m - a wand of warping (13)
Scrolls
 d - 2 scrolls of torment
 i - 3 scrolls of noise
 j - a scroll of teleportation
 k - a scroll of fog
 r - a scroll of fear {unknown}
Potions
 f - 6 potions of brilliance
 l - a potion of resistance {unknown}
 n - 2 potions of mutation
 o - 2 potions of attraction
 q - a potion of magic {unknown}
 s - 3 potions of haste {unknown}
 u - a potion of curing {unknown}
 v - a potion of heal wounds {unknown}


   Skills:
 - Level 5.0 Fighting
 - Level 4.0 Dodging
 + Level 7.0 Unarmed Combat
 - Level 7.0 Shapeshifting


You had 7 spell levels left.
You didn't know any spells.
Your spell library contained the following spells:

 Spells                   Type           Power      Damage    Failure   Level
 Jinxbite                 Hex            0%         N/A       47%         2
 Gell's Gravitas          Tloc           0%         N/A       71%         3
 Teleport Other           Tloc           0%         N/A       71%         3
 Yara's Violent Unravell  Hex/Alch       0%         3d3       100%        5
 Dispersal                Tloc           0%         N/A       100%        6
 Enfeeble                 Hex            0%         N/A       100%        7


Dungeon Overview and Level Annotations

Branches:
Dungeon (6/15)             Temple (0/1) D:6           Sewer (visited)

Altars:
Kikubaaqudgha
Qazlal
Ru
Sif Muna
Xom

Shops:
D:5 :

Annotations:
D:6 Duvessa


Innate Abilities, Weirdness & Mutations

You are a hulking beast.
Your limbs bulge with bestial killing power. (Slay +4)
You can breathe corrosive fumes.
Your golden yellow scales are hard. (AC +6)
You cannot fit into any form of body armour.
You are cold-blooded and may be slowed by cold attacks.
You are hated by all.
You are resistant to acid. (rCorr)
You have sharp toenails.
You have an increased reservoir of magic. (+10% MP)
You are strong-willed. (Will+)


Message History

Dowan hits you with a +2 dagger of draining.
You partially resist.
You feel drained.
You miss Dowan.
Dowan is moderately wounded.
Dowan hits you with a +2 dagger of draining.
You partially resist.
You feel drained.
You barely miss Dowan.
Your tail-slap misses Dowan.
Dowan is moderately wounded.
You punch Dowan! You claw Dowan.
You kill Dowan!
Duvessa weeps, and shakes her weapon.
Duvessa goes berserk!
Duvessa barely misses you.
Training target 7.0 for Shapeshifting reached!
Your Shapeshifting skill increases to level 7!
You need to enable at least one skill for training.
You closely miss Duvessa. You claw Duvessa. You punch Duvessa.
Duvessa is lightly wounded.
Duvessa hits you with a +0 short sword!
Okay, then.
You completely miss Duvessa.
Duvessa is lightly wounded.
Duvessa hits you with a +0 short sword.
You barely miss Duvessa.
Duvessa is lightly wounded.
Duvessa hits you but does no damage. Duvessa hits you with a +0 short sword!
You punch Duvessa! You claw Duvessa.
Duvessa is moderately wounded.
Duvessa closely misses you.
You punch Duvessa!
Duvessa is heavily wounded.
Duvessa misses you.
You hit Duvessa but do no damage. You claw Duvessa.
Duvessa is severely wounded.
Duvessa hits you with a +0 short sword!
* * * LOW HITPOINT WARNING * * *
You punch Duvessa!
Duvessa is severely wounded.
Duvessa hits you with a +0 short sword!
You die...
Ru respects your ultimate sacrifice.

.......P............#.....#....
..#...............#....##....#.
. #.......<.....##..##....##.#.
..##.....###.....>....##... ..
..# ###...........#..#....>. #.
.......####.....#.##..
...#...#. #.........
###....#.####....##.#.
.........he.......#
#...#.....##....##...
##..####........# #...(
#.....##... #.... ......... .
#.... ........... ###.
..............# ..
.........#...## ........##....


You could see Duvessa (berserk).

Vanquished Creatures
  A water moccasin (D:6)
  An orc warrior (D:6)
  2 black bears
  2 ogres
  A centaur (D:5)
  A phantom (D:6)
  2 scorpions (D:5)
  Dowan (D:6)
  5 hounds
  3 jellies
  2 orc priests
  Jessica (D:2)
  Terence (D:2)
  4 iguanas
  5 orc wizards
  A sleepcap (D:6)
  A hell rat (Sewer)
  5 gnolls
  8 adders
  A river rat (Sewer)
  A dart slug (D:3)
  A ribbon worm (D:2)
  18 orcs
  3 ball pythons
  3 endoplasms
  A giant cockroach (D:3)
  4 hobgoblins
  5 jackals
  7 kobolds
  3 quokkas (D:2)
  7 bats
  4 goblins
  5 rats
110 creatures vanquished.

Notes
Turn   | Place    | Note
-------+----------+-------------------------------------------
     0 | D:1      | TheGoonsmith the Draconian Shapeshifter began the quest for
                  | the Orb.
     0 | D:1      | Reached XP level 1. HP: 16/16 MP: 1/1
   431 | D:2      | Reached XP level 2. HP: 17/23 MP: 2/2
   802 | D:2      | Found an ancient bone altar of Kikubaaqudgha.
   851 | D:2      | Noticed Terence
   865 | D:2      | Killed Terence
   866 | D:2      | Reached XP level 3. HP: 29/29 MP: 3/3
  1067 | D:2      | Noticed Jessica
  1074 | D:2      | Killed Jessica
  1075 | D:2      | Reached XP level 4. HP: 34/36 MP: 4/4
  2020 | D:3      | Reached XP level 5. HP: 40/41 MP: 5/5
  2036 | D:3      | Found a shimmering blue altar of Sif Muna.
  2313 | D:4      | Noticed an ogre
  2319 | D:4      | Killed an ogre
  2454 | D:4      | Reached skill level 5 in Unarmed Combat
  2454 | D:4      | Reached XP level 6. HP: 30/48 MP: 6/6
  2537 | D:4      | Reached skill level 5 in Shapeshifting
  2539 | D:4      | Identified the +3 morningstar of Wyrd {heavy, rPois}
  2731 | D:4      | Found a stormy altar of Qazlal.
  3208 | D:5      | Entered Level 5 of the Dungeon
  3220 | D:5      | Your scales start taking on a golden yellow colour.
  3220 | D:5      | Reached XP level 7. HP: 38/57 MP: 7/7
  3220 | D:5      | Gained mutation: You are resistant to acid. (rCorr) [Yellow
                  | Draconian growth]
  3641 | D:5      | Found a shimmering altar of Xom.
  3886 | D:5      | Found a sacrificial altar of Ru.
  3895 | D:5      | Became a worshipper of Ru the Awakened
  4173 | D:5      | Found Nekhlish's Book Emporium.
  4390 | D:5      | Reached XP level 8. HP: 66/66 MP: 8/8
  4526 | D:6      | Gained mutation: You are strong-willed. (Will+) [potion of
                  | mutation]
  4526 | D:6      | Gained mutation: You have an increased reservoir of magic.
                  | (+10% MP) [potion of mutation]
  4526 | D:6      | Gained mutation: You have sharp toenails. [potion of
                  | mutation]
  4765 | D:6      | Found a glowing drain.
  4783 | Sewer    | Entered a sewer
  4870 | D:6      | Reached skill level 5 in Fighting
  4985 | D:6      | HP: 2/68 [orc warrior/+0 mace (10)]
  5205 | D:6      | Gained mutation: You are hated by all. [Ru sacrifice]
  5205 | D:6      | Reached * piety under Ru
  5205 | D:6      | Reached ** piety under Ru
  5243 | D:6      | Found a staircase to the Ecumenical Temple.
  5248 | D:6      | Noticed Dowan
  5249 | D:6      | Noticed Duvessa
  5262 | D:6      | Killed Dowan
  5269 | D:6      | Slain by Duvessa

Illustrated notes

Levels and vault maps discovered:
D:1:      ncdulo_watergridlock, layout_rooms
D:2:      layout_basic, basic_altar, minmay_puff, uniq_terence, uniq_jessica
D:3:      layout_loops_ring, led_sif_pool, wad_floor_pattern_untrapped
D:4:      layout_loops_cross, minmay_ruined_shrine
D:5:      layout_gridville, mainiacjoe_overflow_alcove_4,
          mainiacjoe_overflow_six_doors_small, serial_shops,
          nicolae_shop_behind_doors, roderic_roman_lattice,
          grunt_decor_one_mirror
D:6:      layout_cave_pools, minmay_temple_entry_ruins,
          cheibrodos_sewer_entry_sluice, serial_bayou_pond_a, nrook_campfire,
          hangedman_decor_riveting, uniq_duvessa

Skill      XL: |  1  2  3  4  5  6  7  8 |
---------------+-------------------------+-----
Dodging        | 2 3 4 |  4.0
Fighting       | 2 3 4 5 |  5.0
Unarmed Combat | 4 5 6 7 |  7.0
Shapeshifting  | 4 5 7 |  7.0

Action                     |  1- 3 |  4- 6 |  7- 9 || total
---------------------------+-------+-------+-------++-------
  Melee: Unarmed           |    93 |   120 |   140 ||   353
         Tailslap          |     7 |    15 |    15 ||    37
         Punch             |       |     5 |     4 ||     9
         Kick              |       |       |    18 ||    18
 Invoke: Sacrifice Love    |       |       |     1 ||     1
Ability: Caustic Breath    |       |       |     3 ||     3
    Use: Potion            |     1 |     2 |     3 ||     6
         Scroll            |       |    11 |       ||    11
 Armour: Skin              |    52 |    80 |   125 ||   257
  Dodge: Dodged            |    40 |    61 |    72 ||   173

Table legend: (Time is in decaauts)
 A = Elapsed time spent in this place.
 B = Non-inter-level travel time spent in this place.
 C = Inter-level travel time spent in this place.
 D = Time resting spent in this place.
 E = Time spent auto-exploring this place.
 F = Levels seen in this place.
 G = Mean time per level.
                   A        B        C        D        E       F      G
               +--------+--------+--------+--------+--------+-----+--------+
         Total |   5266 |   5082 |    184 |     95 |   4201 |   7 |  752.3 |
       Dungeon |   5181 |   4997 |    184 |     95 |   4144 |   6 |  863.5 |
         Sewer |     84 |     84 |      0 |      0 |     56 |   1 |   84.0 |
               +--------+--------+--------+--------+--------+-----+--------+

Top non-repeatable levels by time:
     D:5: 1496 daAuts
     D:2: 1153 daAuts
     D:4: 910 daAuts
     D:3: 734 daAuts
     D:6: 487 daAuts
     D:1: 398 daAuts
   Sewer: 84 daAuts
